 Dungeon Crawl Stone Soup version 0.29-a0-322-g68df515428 (webtiles) character file.

Game seed: 6261049347620014585

193 Flugslaktarn the Stinger (level 6, 0/41 HPs)
             Began as a Human Venom Mage on Apr 5, 2022.
             Slain by an ogre
             ... wielding a +0 giant spiked club
              (21 damage)
             ... on level 5 of the Dungeon.
             The game lasted 00:07:40 (1797 turns).

Flugslaktarn the Stinger (Human Venom Mage)         Turns: 1797, Time: 00:07:40

Health: 0/41       AC:  5    Str:  8    XL:     6   Next: 2%
Magic:  4/10       EV: 12    Int: 18    God:
Gold:   171        SH:  0    Dex: 13    Spells: 5/11 levels left

rFire   . . .      SeeInvis .   p - +0 whip (elec)
rCold   . . .      Faith    .   (no shield)
rNeg    . . .      Spirit   .   a - +0 robe
rPois   .          Reflect  .   (no helmet)
rElec   .          Harm     .   e - +1 cloak
rCorr   .          Rampage  .   (no gloves)
Will    .....                   k - +0 pair of boots
Stlth   ++........              (no amulet)
HPRegen 0.13/turn               j - ring of flight
MPRegen 0.12/turn               (no ring)

@: flying
A: no striking features
a: no special abilities


You were on level 5 of the Dungeon.
You visited 1 branch of the dungeon, and saw 5 of its levels.

You collected 171 gold pieces.

Inventory:

Hand Weapons
 i - a +0 dagger
   (You took it off a goblin on level 1 of the Dungeon)
 m - a +0 vorpal short sword
   (You took it off a kobold on level 1 of the Dungeon)
 p - a +0 whip of electrocution (weapon)
   (You found it on level 3 of the Dungeon)
Missiles
 c - 2 silver boomerangs
Armour
 a - a +0 robe (worn)
 e - a +1 cloak (worn)
   (You found it on level 1 of the Dungeon)
 k - a +0 pair of boots (worn)
   (You found it on level 3 of the Dungeon)
Jewellery
 j - a ring of flight (left hand)
   (You found it on level 4 of the Dungeon)
 r - an amulet of faith
   (You found it on level 5 of the Dungeon)
Scrolls
 f - a scroll of fear
 h - a scroll of brand weapon
 o - a scroll of vulnerability
 s - a scroll of teleportation {unknown}
Potions
 b - a potion of magic
 d - a potion of might
 g - 3 potions of flight
 l - a potion of cancellation {unknown}
 n - a potion of invisibility {unknown}
 q - 2 potions of curing
 w - 2 potions of heal wounds


   Skills:
 - Level 2.0 Dodging
 - Level 2.0 Stealth
 - Level 3.0 Spellcasting
 - Level 1.0 Conjurations
 - Level 2.0 Transmutations
 - Level 2.0 Air Magic
 + Level 4.6 Poison Magic


You had 5 spell levels left.
You knew the following spells:

 Your Spells              Type           Power      Damage    Failure   Level
a - Sting                 Tmut/Pois      56%        1d5       4%          1
b - Poisonous Vapours     Pois/Air       28%        N/A       6%          2
c - Mephitic Cloud        Conj/Pois/Air  11%        N/A       17%         3

Your spell library contained the following spells:

 Spells                   Type           Power      Damage    Failure   Level
 Olgreb's Toxic Radiance  Pois           19%        N/A       24%         4


Dungeon Overview and Level Annotations

Branches:
Dungeon (5/15)
 Temple: D:4-7

Altars:

Annotations:
D:5 exclusions: ice beast and worm, Grinder


Message History

Found a scroll labelled NABOUS WI NUO and 6 poisoned darts.
There is a stone staircase leading up here.
The adder hisses angrily.
You see here a scroll labelled NABOUS WI NUO.
s - a scroll labelled NABOUS WI NUO
Casting: Sting (safe; 4% risk of failure)
Confirm with . or Enter, or press ? or * to list all spells.
You can't see any susceptible monsters within range! (Use Z to cast anyway.)
Casting: Sting (safe; 4% risk of failure)
Confirm with . or Enter, or press ? or * to list all spells.
Aiming: Sting (safe; 4% risk of failure)
Press: ? - help, Shift-Dir - straight line, f - adder
Aim: an adder (53% to hit)
The sting misses the adder.
The adder barely misses you.
Casting: Sting (safe; 4% risk of failure)
Confirm with . or Enter, or press ? or * to list all spells.
Aiming: Sting (safe; 4% risk of failure)
Press: ? - help, Shift-Dir - straight line, f/p - adder
Aim: an adder (53% to hit)
The sting hits the adder.
The adder is poisoned.
The adder is moderately wounded.
The adder barely misses you.
You barely miss the adder.
The adder is moderately wounded.
The adder bites you but does no damage.
You closely miss the adder.
The adder is moderately wounded.
The adder misses you. The adder bites you.
You are poisoned.
The adder poisons you!
You hit the adder but do no damage. Lightning courses through the adder!
You kill the adder!
You feel sick.
You have reached level 6!
You feel sick.
You feel sick.
You feel sick.
Found 9 gold pieces.
You feel sick.
You are no longer poisoned.
Found an escape hatch in the ceiling.
Found 13 stones.
You now have 154 gold pieces (gained 9).
An adder comes into view.
Found 17 gold pieces.
You now have 171 gold pieces (gained 17).
Found a gilded ring and a scroll labelled BAGADA DACKUL.
An ogre comes into view. It is wielding a +0 giant spiked club.
The ogre shouts!
Grinder comes into view.
An adder comes into view.
There is a stone staircase leading up here.
Casting: Sting (safe; 4% risk of failure)
Confirm with . or Enter, or press ? or * to list all spells.
Aiming: Poisonous Vapours (safe; 6% risk of failure)
Press: ? - help, Dir - move target
Okay, then.
Casting: Poisonous Vapours (safe; 6% risk of failure)
Confirm with . or Enter, or press ? or * to list all spells.
Aiming: Poisonous Vapours (safe; 6% risk of failure)
Press: ? - help, Dir - move target, f - ogre
Aim: an ogre, wielding a +0 giant spiked club Poisonous vapours surround the ogre!
The ogre is poisoned.
Casting: Poisonous Vapours (safe; 6% risk of failure)
Confirm with . or Enter, or press ? or * to list all spells.
Aiming: Poisonous Vapours (safe; 6% risk of failure)
Press: ? - help, Dir - move target, f/p - ogre
Aim: an ogre, wielding a +0 giant spiked club (poisoned) Poisonous vapours surround the ogre!
The ogre looks even sicker.
Casting: Poisonous Vapours (safe; 6% risk of failure)
Confirm with . or Enter, or press ? or * to list all spells.
Aiming: Sting (safe; 4% risk of failure)
Press: ? - help, Shift-Dir - straight line, f/p - ogre
Aim: an ogre, wielding a +0 giant spiked club (lightly wounded, very poisoned, 86% to hit)
The sting hits the ogre.
The ogre looks even sicker.
The ogre is lightly wounded.
Casting: Sting (safe; 4% risk of failure)
Confirm with . or Enter, or press ? or * to list all spells.
Aiming: Sting (safe; 4% risk of failure)
Press: ? - help, Shift-Dir - straight line, f/p - ogre
Aim: an ogre, wielding a +0 giant spiked club (lightly wounded, very poisoned, 86% to hit)
The sting hits the ogre.
The ogre looks as sick as possible!
The ogre is moderately wounded.
The ogre hits you with a +0 giant spiked club!!
You barely miss the ogre.
The ogre is moderately wounded.
The ogre barely misses you.
Unknown command.
Casting: Sting (safe; 4% risk of failure)
Confirm with . or Enter, or press ? or * to list all spells.
Aiming: Sting (safe; 4% risk of failure)
Press: ? - help, Shift-Dir - straight line, f/p - ogre
Aim: an ogre, wielding a +0 giant spiked club (heavily wounded, extremely poisoned, 86% to hit)
The sting hits the ogre.
The ogre looks as sick as possible!
The ogre is heavily wounded.
Unknown command.
The ogre attacks as you move away! The ogre completely misses you.
The ogre attacks as you move away!
The ogre hits you with a +0 giant spiked club!!
Ouch! That really hurt!
You die...

# #.#...........##.#
.##.............##.##
...#.......(........#
##.#................#
##.(........####.<..#
.##..........###....#
....##.......<##....#
..####........##O...#
#.####........##@...#
#...##..............#
###.##.####..##.....#
#.##.# ##....#####
#....# ###... #....#
#...# #....# #...#
#....# #...# #....#
#####


You could see an ogre (very poisoned).

Vanquished Creatures
  A scorpion (D:4)
  A jelly (D:5)
  4 adders
  2 worms
  3 dart slugs
  2 orcs
  4 ball pythons
  2 bats
  7 endoplasms
  4 giant cockroaches (D:1)
  5 goblins
  5 hobgoblins
  6 kobolds
  3 quokkas
  2 frilled lizards
  5 rats
56 creatures vanquished.

Vanquished Creatures (others)
  A plant (D:4)
1 creature vanquished.

Grand Total: 57 creatures vanquished

Notes
Turn   | Place    | Note
-------+----------+-------------------------------------------
     0 | D:1      | Flugslaktarn the Human Venom Mage began the quest for the
                  | Orb.
     0 | D:1      | Reached XP level 1. HP: 13/13 MP: 3/3
    84 | D:1      | Reached XP level 2. HP: 10/19 MP: 0/5
    87 | D:1      | Learned a level 2 spell: Poisonous Vapours
   308 | D:1      | Reached skill level 1 in Air Magic
   308 | D:1      | Reached XP level 3. HP: 5/24 MP: 0/6
   646 | D:2      | Reached XP level 4. HP: 21/30 MP: 0/7
  1011 | D:2      | Learned a level 3 spell: Mephitic Cloud
  1200 | D:4      | Noticed a scorpion
  1208 | D:4      | Killed a scorpion
  1209 | D:4      | Reached skill level 1 in Conjurations
  1209 | D:4      | Reached skill level 4 in Poison Magic
  1209 | D:4      | Reached XP level 5. HP: 30/35 MP: 1/9
  1478 | D:5      | Entered Level 5 of the Dungeon
  1588 | D:5      | Noticed an ice beast
  1708 | D:5      | Reached XP level 6. HP: 37/41 MP: 7/10
  1773 | D:5      | Noticed an ogre
  1774 | D:5      | Noticed Grinder
  1797 | D:5      | Slain by an ogre

Illustrated notes

Levels and vault maps discovered:
D:1:      dpeg_arrival_radiant, layout_loops_corners
D:2:      layout_basic, serial_shops, nicolae_shop_stone, uniq_natasha
D:3:      layout_basic, uniq_robin
D:4:      minmay_goblin_kobold_castle, layout_basic, serial_bayou_pond_a
D:5:      layout_rooms, uniq_grinder

Skill      XL: |  1  2  3  4 |
---------------+-------------+-----
Transmutations | 2 |  2.0
Air Magic      | 1 2 |  2.0
Spellcasting   | 3 |  3.0
Conjurations   | 1 |  1.0
Poison Magic   | 4 |  4.6
Dodging        | |  2.0
Stealth        | |  2.0

Action                   |  1- 3 |  4- 6 || total
-------------------------+-------+-------++-------
Melee: Unarmed           |    28 |       ||    28
       Punch             |     1 |     1 ||     2
       Dagger            |    17 |     8 ||    25
       Short sword       |       |    11 ||    11
       Whip              |       |    24 ||    24
 Cast: Sting             |    58 |    46 ||   104
       Poisonous Vapours |       |     3 ||     3
  Use: Scroll            |       |     8 ||     8
 Stab: Sleeping          |       |     1 ||     1
Armor: Robe              |    11 |    15 ||    26
Dodge: Dodged            |    46 |    45 ||    91

Table legend: (Time is in decaauts)
 A = Elapsed time spent in this place.
 B = Non-inter-level travel time spent in this place.
 C = Inter-level travel time spent in this place.
 D = Time resting spent in this place.
 E = Time spent auto-exploring this place.
 F = Levels seen in this place.
 G = Mean time per level.
                   A        B        C        D        E       F      G
               +--------+--------+--------+--------+--------+-----+--------+
         Total |   1803 |   1711 |     92 |      0 |      0 |   5 |  360.6 |
       Dungeon |   1803 |   1711 |     92 |      0 |      0 |   5 |  360.6 |
               +--------+--------+--------+--------+--------+-----+--------+

Top non-repeatable levels by time:
     D:1: 777 daAuts
     D:4: 469 daAuts
     D:2: 300 daAuts
     D:5: 169 daAuts
     D:3: 87 daAuts
